 Dungeon Crawl Stone Soup version 0.31-a0-240-gb923e448b6 (webtiles) character file.

Game seed: 6388832744803136479

89 qw the Shooter (level 4, -3/26 HPs)
             Began as a Gargoyle Hexslinger on July 12, 2023.
             Slain by a gnoll
             ... wielding a +0 whip
             ... led by a gnoll bouda
              (4 damage)
             ... on level 3 of the Dungeon.
             The game lasted 00:00:46 (1627 turns).

qw the Shooter (Gargoyle Hexslinger)                Turns: 1627, Time: 00:00:47

Health: -3/26      AC: 12    Str: 12    XL:     4   Next: 55%
Magic:  5/5        EV: 10    Int: 13    God:
Gold:   150        SH:  0    Dex: 14    Spells: 4/5 levels left

rFire   . . .        Y - +1 sling
rCold   . . .        (no shield)
rNeg    + . .        j - +0 ring mail
rPois   inf          (no helmet)
rElec   +            (no cloak)
rCorr   .            (no gloves)
SInv    .            (no boots)
Will    .....        (no amulet)
Stlth   +            k - +4 ring of protection
HPRegen 0.24/turn    (no ring)
MPRegen 0.09/turn

%: no passive effects
@: about to teleport
A: sickness immunity, AC +3, negative energy resistance 1, electricity
resistance, torment resistance 1, petrification resistance
a: no special abilities


You were on level 3 of the Dungeon.
You visited 1 branch of the dungeon, and saw 3 of its levels.

You collected 150 gold pieces.


Innate Abilities, Weirdness & Mutations

You are immune to sickness and miasma.
Your stone body is resilient. (AC +3)
You are immune to poison.
You resist negative energy. (rN+)
You are resistant to electric shocks. (rElec)
You are resistant to unholy torment.
You are immune to petrification.


   Skills:
 - Level 2.0 Fighting
 + Level 4.1 Ranged Weapons
 - Level 1.0 Armour
 - Level 1.5 Dodging
 - Level 1.0 Spellcasting
 - Level 2.6 Hexes


You had 4 spell levels left.
You knew the following spells:

 Your Spells              Type           Power      Damage    Failure   Level
a - Slow                  Hex            28%        N/A       22%         1

Your spell library contained the following spells:

 Spells                   Type           Power      Damage    Failure   Level
 Inner Flame              Hex/Fire       4%         N/A       73%         3
 Portal Projectile        Hex/Tloc       8%         N/A       73%         3
 Cause Fear               Hex            3%         N/A       91%         4

Inventory:

Hand Weapons
 Y - a +1 sling (weapon)
Armour
 j - a +0 ring mail (worn)
Jewellery
 k - a +4 ring of protection (left hand)
Scrolls
 a - a scroll of silence {unknown}
 c - a scroll of identify
Potions
 d - a potion of haste {unknown}
 e - a potion of might
 f - 5 potions of curing
 h - a potion of mutation {unknown}
 i - a potion of lignification {unknown}

Dungeon Overview and Level Annotations

Branches:
Dungeon (3/15)

Altars:
Fedhas

Shops:
D:1 (


Message History

The gnoll hits you with a +0 whip.
The gnoll hits you from afar with a +0 spear.
You shoot a sling bullet.
The sling bullet closely misses the gnoll.
The gnoll hits you but does no damage. The gnoll barely misses you.
You shoot a sling bullet.
The sling bullet closely misses the gnoll.
The gnoll hits you with a +0 whip. x2; The gnoll hits you but does no damage. x2
The gnoll closely misses you. The gnoll hits you with a +0 whip.
The gnoll hits you but does no damage.
You shoot a sling bullet. The sling bullet hits the gnoll.
The gnoll is severely wounded.
The gnoll hits you but does no damage. x2; The gnoll barely misses you.
The gnoll completely misses you.
You shoot a sling bullet. The sling bullet hits the gnoll!
You kill the gnoll!
The gnoll hits you but does no damage.
The gnoll hits you from afar with a +0 spear.
You shoot a sling bullet.
The sling bullet hits the gnoll but does no damage.
The gnoll completely misses you. The gnoll misses you.
The gnoll hits you from afar with a +0 spear.
The gnoll bouda barely misses you.
The gnoll bouda barks out a call to the hunt!
The gnolls pick up the pace!
The gnoll hits you but does no damage. x2; The gnoll barely misses you.
1625 ||| READING scroll of teleportation.
As you read the scroll of teleportation, it crumbles to dust.
You feel strangely unstable. The gnoll hits you but does no damage.
The gnoll hits you from afar with a +0 spear.
The gnoll bouda barely misses you. The gnoll misses you.
You shoot a sling bullet. The sling bullet hits the gnoll.
The gnoll is moderately wounded.
The gnoll hits you with a +0 whip. The gnoll misses you.
The gnoll closely misses you. The gnoll bouda barely misses you.
You shoot a sling bullet. The sling bullet hits the gnoll.
The gnoll is moderately wounded.
The gnoll hits you with a +0 whip.
You die...

)...###.........####...##.##
....# ##..<....## ##......#
....# ##.....## ##.....#
..### ##...## #.....# ..#
##+## #.....# .## #.....# .#
###.### .# #..####### #.# .#
#.....g@g# #.# ..
.....###g######.# ## ...
#.g.......#
....###.g######## g..gg.g..#
g.#.####.# #.# ..# ###


You could see a gnoll bouda and 4 gnolls.

Vanquished Creatures
  A gnoll (D:3)
  2 adders (D:2)
  4 worms
  3 orcs (D:3)
  2 bats
  5 endoplasms
  3 giant cockroaches
  5 goblins
  5 hobgoblins
  2 jackals (D:1)
  5 ball pythons
  A frilled lizard (D:1)
  3 kobolds
  5 rats
46 creatures vanquished.

Notes
Turn   | Place    | Note
-------+----------+-------------------------------------------
     0 | D:1      | qw the Gargoyle Hexslinger began the quest for the Orb.
     0 | D:1      | Reached XP level 1. HP: 12/12 MP: 2/2
     0 | D:1      | 0 ||| qw: Version: 0.3-a-52-g30416fa
     0 | D:1      | 0 ||| qw: Game counter: 6156
     0 | D:1      | 0 ||| qw: Melee chars always use a shield: true
     0 | D:1      | 0 ||| qw: God list: Okawaru
     0 | D:1      | 0 ||| qw: Allow faded altars: false
     0 | D:1      | 0 ||| qw: Do Orc after clearing Dungeon:15 true
     0 | D:1      | 0 ||| qw: Do second Lair branch before Depths: true
     0 | D:1      | 0 ||| qw: Lair rune preference: random
     0 | D:1      | 0 ||| qw: Goals: Normal
     0 | D:1      | 0 ||| PLANNING D:1-11
    77 | D:1      | Reached XP level 2. HP: 16/16 MP: 3/3
   130 | D:1      | Reached skill level 3 in Ranged Weapons
   190 | D:1      | Found Veptoud's Weapon Shoppe.
   198 | D:1      | 198 ||| SHOPLISTING +2 sling of flaming (205 gold, have
                  | 11).
   268 | D:1      | Reached XP level 3. HP: 12/21 MP: 4/4
   566 | D:1      | 566 ||| UPGRADING to +0 leather armour.
   576 | D:1      | 576 ||| DROPPING +0 robe.
   577 | D:1      | 577 ||| UPGRADING to +0 ring mail.
   587 | D:1      | 587 ||| DROPPING +0 leather armour.
   588 | D:1      | 588 ||| UPGRADING to +4 ring of protection.
   589 | D:1      | 589 ||| READING scroll labelled WEAQYG ZUFI.
   593 | D:1      | 593 ||| READING 2 scrolls labelled BETACW XYN ITA.
   594 | D:1      | 594 ||| DRINKING 2 ruby potions.
   595 | D:1      | 595 ||| DRINKING 4 fuming ruby potions.
   596 | D:1      | 596 ||| DROPPING scroll of poison.
   597 | D:1      | 597 ||| DROPPING scroll of vulnerability.
   902 | D:2      | Reached XP level 4. HP: 22/26 MP: 5/5
  1025 | D:2      | Reached skill level 4 in Ranged Weapons
  1279 | D:2      | Identified the +10 spear of the Known World {holy, Fragile
                  | rCorr SInv}
  1343 | D:2      | Found a blossoming altar of Fedhas.
  1368 | D:2      | 1368 ||| READING 4 scrolls labelled XAZAKO PIEMOGG.
  1369 | D:2      | 1369 ||| READING 3 scrolls of identify.
  1369 | D:2      | 1369 ||| IDENTIFYING clear potion
  1370 | D:2      | 1370 ||| READING 2 scrolls of identify.
  1370 | D:2      | 1370 ||| IDENTIFYING fizzy puce potion
  1371 | D:2      | 1371 ||| DROPPING potion of brilliance.
  1372 | D:2      | 1372 ||| DROPPING potion of berserk rage.
  1441 | D:3      | Reached skill level 1 in Armour
  1609 | D:3      | 1609 ||| Stepping ~*~*~tactically~*~*~ (outnumbered).
  1610 | D:3      | 1610 ||| Stepping ~*~*~tactically~*~*~ (outnumbered).
  1615 | D:3      | 1615 ||| Stepping ~*~*~tactically~*~*~ (outnumbered).
  1624 | D:3      | HP: 6/26 [gnoll/+0 spear[a gnoll bouda] (1)]
  1625 | D:3      | 1625 ||| READING scroll of teleportation.
  1626 | D:3      | HP: 1/26 [gnoll/+0 whip[a gnoll bouda] (2)]
  1627 | D:3      | Slain by a gnoll

Levels and vault maps discovered:
D:1:      dpeg_arrival_water_temple_mockup, layout_basic, serial_shops,
          nicolae_shop_statue_plus, nicolae_wormholes
D:2:      layout_loops_ring, basic_altar, supply_closet_lemuel,
          minmay_liquid_box, minmay_misc_feat_room
D:3:      layout_loops_corners, palyth_temple_overflow_mages,
          minmay_statues_item

Skill      XL: |  1  2  3  4 |
---------------+-------------+-----
Ranged Weapons | 3 4 |  4.1
Fighting       | 2 |  2.0
Armour         | 1 |  1.0
Dodging        | |  1.5
Spellcasting   | |  1.0
Hexes          | |  2.6

Action                     |  1- 3 |  4- 6 || total
---------------------------+-------+-------++-------
   Fire: Sling             |   110 |    75 ||   185
    Use: Scroll            |     2 |     4 ||     6
         Potion            |     2 |       ||     2
 Armour: Robe              |     4 |       ||     4
         Ring mail         |     9 |    37 ||    46
  Dodge: Dodged            |    19 |    33 ||    52

Table legend:
 A = Non-vault XP
 B = Vault XP
 C = Vault XP percentage of total XP
 D = Non-vault monster count
 E = Vault monster count
 F = Vault count percentage of total count
                 A         B        C        D         E       F
            +---------+---------+-------+---------+---------+-------
      Total |     118 |      10 |   7.8 |      44 |       2 |   4.3
            +---------+---------+-------+---------+---------+-------
        D:1 |      32 |      10 |  23.8 |      19 |       2 |   9.5
        D:2 |      58 |       0 |   0.0 |      18 |       0 |   0.0
        D:3 |      28 |       0 |   0.0 |       7 |       0 |   0.0
            +---------+---------+-------+---------+---------+-------
